 Dungeon Crawl Stone Soup version 0.15.1-3-g1b33baa (webtiles) character file.

203 Johnny the Chiller (level 5, -4/41 HPs)
             Began as a Demigod Ice Elementalist on Oct 11, 2014.
             Shot with an arrow by a centaur (9 damage)
             ... on Level 3 of the Dungeon.
             The game lasted 00:06:51 (2207 turns).

Johnny the Chiller (Demigod Ice Elementalist)       Turns: 2207, Time: 00:06:52

HP  -4/41        AC 13     Str 17      XL: 5   Next: 26%
MP   1/12        EV  8     Int 21      God:
Gold 118         SH  0     Dex 16      Spells:  2 memorised,  3 levels left

rFire  + . .     SeeInvis .     q - +2 mace (protect)
rCold  . . .     Clarity  .     d - +2 scale mail {rF+}
rNeg   . . .     rCorr    .     (no shield)
rPois  +         rRot     .     (no helmet)
rElec  .         Spirit   .     (no cloak)
SustAb .         Warding  .     (no gloves)
rMut   .         Stasis   .     (no boots)
Gourm  .                        (no amulet)
MR     .....                    l - ring of poison resistance
                                j - ring of wizardry

@: mighty, very slightly contaminated, not resistant to hostile enchantments,
very unstealthy
A: no striking features
a: no special abilities


You were on level 3 of the Dungeon.
You were hungry.

You visited 1 branch of the dungeon, and saw 3 of its levels.

You collected 118 gold pieces.

Inventory:

Hand weapons
 a - a +0 mace of crushing
 i - a +3 whip
 n - a +2 vampiric dagger
 q - a +2 mace of protection (weapon)
Armour
 d - a +2 scale mail of fire resistance (worn)
 p - a +0 leather armour
Comestibles
 c - a bread ration
 f - a beef jerky
 g - a slice of pizza
 m - a meat ration
 r - a chunk of ball python flesh
 s - a chunk of bat flesh
 t - 2 chunks of jackal flesh
Scrolls
 e - a scroll of remove curse
 h - a scroll of enchant armour
 k - a scroll of immolation
Jewellery
 j - a ring of wizardry (left hand)
 l - a ring of poison resistance (right hand)
Books
 b - a book of Frost

   Spells                             Type                      Level
   *Freeze                            Ice                          1
   Throw Frost                        Conjuration/Ice              2
   Ozocubu's Armour                   Charms/Ice                   3
   Throw Icicle                       Conjuration/Ice              4
   *Summon Ice Beast                  Ice/Summoning                4
   Condensation Shield                Ice                          4


   Skills:
 * Level 2.0 Fighting
 + Level 1.1 Armour
 + Level 2.4 Dodging
 + Level 2.5 Stealth
 * Level 2.4 Spellcasting
   Level 0.8 Conjurations
 * Level 1.0 Summonings
 * Level 3.6 Ice Magic


You had 3 spell levels left.
You knew the following spells:

 Your Spells              Type           Power        Failure   Level  Hunger
a - Freeze                Ice            ###.         6%          1    None
b - Summon Ice Beast      Ice/Summ       ##......     89%         4    ####...


Dungeon Overview and Level Annotations

Branches:
Dungeon (3/15)


Message History

The centaur unwields an uncursed runed shortbow.
The centaur hits you but does no damage.
Casting: Freeze
Confirm with . or Enter, or press ? or * to list all spells.
Aiming: Freeze
Press: ? - help, Shift-Dir - straight line, f/p - adder
Aim: an adder (lightly wounded, slow, inner flame)
You miscast Freeze.
You shiver with cold.
The centaur barely misses you. The adder barely misses you.
The centaur wields an uncursed runed shortbow.
The centaur shoots an arrow.
The arrow barely misses you.
Read which item? (? for menu, Esc to quit)
Okay, then.
You aren't carrying any potions.
You aren't carrying any items that can be evoked.
Casting: Freeze
Confirm with . or Enter, or press ? or * to list all spells.
You miscast Summon Ice Beast.
You feel uncomfortably cold.
The centaur shoots an arrow.
The arrow hits you!
You die...

############
####...(......########
#..S.@..........%....#
#o#c#########.######..
#.#.# #.# ### #c#.#
#.#
#######.#o#########.#
#.c.(............##.#
#.o######.######.##.#
##..# #.# #.##.#
###o..# #.#
#.##.#######


You could see a centaur (inner flame), an adder (inner flame) and an orc (inner
flame).

Vanquished Creatures
  A crimson imp (D:3)
  An orc priest (D:3)
  Ijyb (D:2)
  Terence (D:3)
  4 adders
  A giant mite (D:2)
  A worm (D:3)
  2 giant geckos (D:1)
  An ooze (D:2)
  A ball python (D:3)
  3 giant cockroaches
  11 goblins
  6 hobgoblins
  2 jackals (D:3)
  10 kobolds
  7 bats
  5 giant newts
  A quokka (D:2)
  7 rats
66 creatures vanquished.

Notes
Turn   | Place    | Note
--------------------------------------------------------------
     0 | D:1      | Johnny, the Demigod Ice Elementalist, began the quest for the Orb.
     0 | D:1      | Reached XP level 1. HP: 14/14 MP: 3/3
   278 | D:1      | Reached XP level 2. HP: 16/22 MP: 2/4
   674 | D:2      | Reached skill level 3 in Ice Magic
  1037 | D:2      | Reached XP level 3. HP: 18/27 MP: 7/7
  1230 | D:2      | Reached skill level 1 in Fighting
  1408 | D:2      | Noticed Ijyb
  1430 | D:2      | Killed Ijyb
  1668 | D:2      | Found a shattered altar of Ashenzari.
  1771 | D:3      | Reached XP level 4. HP: 35/35 MP: 10/10
  1777 | D:3      | Learned a level 4 spell: Summon Ice Beast
  1952 | D:3      | Noticed Terence
  1965 | D:3      | Killed Terence
  2008 | D:3      | Reached skill level 1 in Armour
  2142 | D:3      | Reached XP level 5. HP: 37/41 MP: 3/12
  2183 | D:3      | Noticed a centaur
  2188 | D:3      | Reached skill level 1 in Summonings
  2207 | D:3      | Shot with an arrow by a centaur

Action                   |  1- 3 |  4- 6 || total
-------------------------+-------+-------++-------
Melee: Dagger            |     6 |       ||     6
       Unarmed           |     1 |       ||     1
       Whip              |    53 |    12 ||    65
       Mace              |       |    40 ||    40
 Cast: Freeze            |    33 |    22 ||    55
  Use: Scroll            |       |     4 ||     4
       Potion            |       |     1 ||     1
 Stab: Sleeping          |     3 |       ||     3
  Eat: Chunk             |     2 |     2 ||     4
